 Dungeon Crawl Stone Soup version 0.24-a0-459-g225fefd530 (webtiles) character file.

Game seed: 17482075574276262010

6012 Azzok the Cleaver (level 10, -1/88 HPs)
             Began as a Deep Dwarf Fighter on June 29, 2019.
             Was a Priest of Makhleb.
             Killed from afar by a guardian serpent (19 damage)
             ... with a bolt of poison
             ... on level 9 of the Dungeon.
             The game lasted 00:16:18 (6768 turns).

Azzok the Cleaver (Deep Dwarf Fighter)              Turns: 6768, Time: 00:16:19

Health: -1/88      AC: 18    Str: 22    XL:     10   Next: 56%
Magic:  13/13      EV:  4    Int: 10    God:    Makhleb [***...]
Gold:   168        SH:  9    Dex: 12    Spells: 9/9 levels left

rFire    + + .     SeeInvis +   A - +0 war axe (elec)
rCold    + . .     Gourm    .   c - +0 shield
rNeg     . . .     Faith    .   F - +0 plate armour
rPois    .         Spirit   .   b - +0 helmet
rElec    .         Reflect  .   E - scarf {rC+ rF+}
rCorr    .         Harm     .   (no gloves)
MR       +....                  y - +1 pair of boots {run}
Stlth    ..........             (no amulet)
HPRegen  0.00/turn              D - ring of see invisible
MPRegen  0.13/turn              o - ring of protection from fire

@: lethally poisoned (-1 -> -27), non-regenerating, quick
A: damage resistance, heal wounds, sense surroundings 2, no regeneration
a: Heal Wounds, Minor Destruction, Lesser Servant of Makhleb, Renounce Religion


You were on level 9 of the Dungeon.
You worshipped Makhleb.
Makhleb was most pleased with you.
You were not hungry.

You visited 2 branches of the dungeon, and saw 10 of its levels.
You also visited: Ossuary.

You collected 378 gold pieces.
You spent 210 gold pieces at shops.

Inventory:

Hand Weapons
 d - a +2 whip of electrocution
 p - a +0 broad axe
 A - a +0 war axe of electrocution (weapon)
Missiles
 n - 4 throwing nets (quivered)
Armour
 b - a +0 helmet (worn)
 c - a +0 shield (worn)
 y - a +1 pair of boots of running (worn)
 E - a scarf of resistance (worn)
 F - a +0 plate armour (worn)
Jewellery
 g - an uncursed ring of resist corrosion
 o - a ring of protection from fire (right hand)
 D - a ring of see invisible (left hand)
Wands
 B - a wand of disintegration (9)
 I - a wand of acid (9)
Scrolls
 a - a scroll of magic mapping {unknown}
 e - 2 scrolls of random uselessness {unknown}
 j - 3 scrolls of noise {unknown}
 l - 4 scrolls of enchant armour {unknown}
 m - 8 scrolls of remove curse
 q - a scroll of blinking {unknown}
 r - 5 scrolls of fear {unknown}
 s - a scroll of enchant weapon {unknown}
 t - 7 scrolls of teleportation
 u - 3 scrolls of amnesia {unknown}
 v - a scroll of immolation {unknown}
 x - 5 scrolls of fog
 C - a scroll of identify
Potions
 h - 3 potions of heal wounds
 i - a potion of cancellation
 k - a potion of ambrosia
 w - 5 potions of curing
 z - 2 potions of haste
 G - a potion of might
 H - a potion of degeneration {unknown}
Comestibles
 f - 18 rations
 J - 5 chunks of flesh


   Skills:
 - Level 5.0 Fighting
 * Level 12.6(12.8) Axes
 - Level 3.4(8.4) Maces & Flails
 + Level 9.3 Armour
 - Level 3.2 Shields
 + Level 5.8 Evocations


You had 9 spell levels left.
You didn't know any spells.
Your spell library contained the following spells:

 Spells                   Type           Power        Failure   Level  Hunger
 Animate Skeleton         Necr           N/A          100%        1    ##.....
 Apportation              Tloc           #.....       100%        1    ##.....
 Confusing Touch          Hex            #.....       100%        1    ##.....
 Corona                   Hex            #......      100%        1    ##.....
 Pain                     Necr           #...         100%        1    ##.....
 Summon Small Mammal      Summ           #...         100%        1    ##.....
 Ensorcelled Hibernation  Hex/Ice        #.....       100%        2    ###....
 Confuse                  Hex            #.......     100%        3    ####...
 Dazzling Spray           Conj/Hex       #.....       100%        3    ####...
 Gell's Gravitas          Tloc           #.........   100%        3    ####...
 Tukima's Dance           Hex            #.......     100%        3    ####...
 Vampiric Draining        Necr           #.........   100%        3    ####...
 Animate Dead             Necr           N/A          100%        4    #####..
 Petrify                  Tmut/Erth      #.......     100%        4    #####..
 Metabolic Englaciation   Hex/Ice        #.........   100%        5    ######.
 Yara's Violent Unravell  Hex/Tmut       #.........   100%        5    ######.
 Regeneration             Chrm/Necr      Unusable     N/A         3    N/A

Dungeon Overview and Level Annotations

Branches:
Dungeon (9/15)             Temple (1/1) D:4
   Lair: D:8-11         Orc: D:9-12

Altars:
Elyvilon
Gozag
Hepliaklqana
Kikubaaqudgha
Makhleb
Okawaru
Qazlal
Ru
Sif Muna
Trog
Uskayaw
Vehumet
Wu Jian
Xom
Zin

Shops:
D:4 [   D:5 (=   D:7 *

Annotations:
D:8 3 runed translucent doors, Enish's ghost, amateur FoCK


Innate Abilities, Weirdness & Mutations

You are resistant to damage.
You can heal yourself by infusing magical energy.
You passively map the area around you.
You do not regenerate.


Message History

The guardian serpent shouts!
Your plate armour prevents you from hitting the guardian serpent.
The guardian serpent casts a spell at you.
The bolt of poison hits you!
You are poisoned.
* * * LOW HITPOINT WARNING * * *
You hit the guardian serpent.
The guardian serpent is lightly wounded.
The guardian serpent barely misses you.
The guardian serpent coils itself and waves its upper body at you.
The bolt of poison hits you.
You are more poisoned.
* * * LOW HITPOINT WARNING * * *
You closely miss the guardian serpent.
The guardian serpent is lightly wounded.
You feel sick.
The guardian serpent coils itself and waves its upper body at you.
The bolt of poison hits you!!
You are lethally poisoned!
You die...

◦ ◦ ░ ▒···· ░
◦··◦◦ ▒····░◦ ···
◦◦◦ ▒···· ··· ◦◦
▒····▒▒▒▒·▒▒ ░
▒·········· ◦ ◦◦◦
▒········▒ ◦ ◦ ◦
▒····S··%▒ ◦
▒····@···▒ ◦ ◦
▒········▒ ◦ ◦◦
▒········▒ ◦ ░
▒····▒▒▒▒▒ ◦ ◦ ◦
░ ▒····▒ ◦◦◦
▒····▒ ◦ ◦◦
▒····▒ ◦
▒····▒▒▒▒▒▒▒▒▒▒░░
▒··············◦
◦


You could see a guardian serpent.

Vanquished Creatures
  Harold (D:7)
  Pikel (D:7)
  Joseph (D:9)
  A troll (D:9)
  2 wraiths (Ossuary)
  A human (D:7)
  A yak (D:7)
  3 hogs (D:7)
  Duvessa (D:5)
  2 orc warriors
  2 ice beasts
  A phantom (D:5)
  A slave (D:7)
  A centaur (D:7)
  5 ogres
  5 bullfrogs
  Dowan (D:5)
  3 killer bees (D:7)
  7 wights
  A crimson imp (D:9)
  5 howler monkeys
  A centaur zombie (D:6)
  2 hounds
  Crazy Yiuf (D:5)
  4 orc priests
  A bullfrog skeleton (D:6)
  A bullfrog zombie (D:9)
  10 orc wizards
  Jessica (D:2)
  3 iguanas
  Natasha (thrice) (D:3)
  Terence (D:3)
  3 worker ants
  3 hound skeletons
  A worker ant zombie (D:8)
  A howler monkey zombie (D:8)
  Robin (D:3)
  11 gnolls
  7 adders
  3 shadow imps
  An ooze (D:5)
  An adder skeleton (D:7)
  3 adder zombies
  3 dart slugs
  6 leopard geckos
  14 orcs
  7 bats
  7 giant cockroaches
  15 goblins
  12 hobgoblins
  8 jackals
  6 kobolds
  A quokka (D:5)
  A ball python zombie (D:5)
  9 frilled lizards
  A giant cockroach zombie (D:5)
  4 hobgoblin zombies (Ossuary)
  2 orc skeletons (Ossuary)
  An orc zombie (Ossuary)
  A quokka skeleton (D:4)
  A quokka zombie (D:5)
  9 rats
  A fungus (D:5)
218 creatures vanquished.

Vanquished Creatures (others)
  2 slaves (D:7)
  A scorpion (D:7)
  2 iguanas (D:7)
5 creatures vanquished.

Grand Total: 223 creatures vanquished

Notes
Turn   | Place    | Note
-------+----------+-------------------------------------------
     0 | D:1      | Azzok the Deep Dwarf Fighter began the quest for the Orb.
     0 | D:1      | Reached XP level 1. HP: 20/20 MP: 1/1
   150 | D:1      | Reached XP level 2. HP: 22/27 MP: 2/2
   457 | D:1      | Reached XP level 3. HP: 26/33 MP: 3/3
   570 | D:2      | Found a faded altar of an unknown god.
   589 | D:2      | Reached skill level 1 in Axes
   610 | D:2      | Reached skill level 2 in Axes
   622 | D:2      | Reached XP level 4. HP: 22/40 MP: 4/4
   626 | D:2      | Reached skill level 3 in Axes
   909 | D:2      | Noticed Jessica
   925 | D:2      | Killed Jessica
   925 | D:2      | Reached skill level 4 in Axes
   925 | D:2      | Reached XP level 5. HP: 18/46 MP: 5/5
  1595 | D:3      | Noticed Terence
  1623 | D:3      | Killed Terence
  1649 | D:3      | Noticed Robin
  1661 | D:3      | Killed Robin
  1752 | D:3      | Noticed Natasha
  1756 | D:3      | Reached skill level 5 in Axes
  1756 | D:3      | Reached XP level 6. HP: 50/56 MP: 5/5
  1764 | D:3      | Killed Natasha
  1982 | D:3      | Noticed Natasha
  1986 | D:3      | Killed Natasha
  2014 | D:3      | Identified a +1 pair of boots of running (You found it on
                  | level 3 of the Dungeon)
  2031 | D:3      | Noticed Natasha
  2041 | D:3      | Killed Natasha
  2075 | D:4      | Found Ficor's Antique Armour Emporium.
  2110 | D:4      | Found a staircase to the Ecumenical Temple.
  2127 | Temple   | Entered the Ecumenical Temple
  2249 | Temple   | Became a worshipper of Makhleb the Destroyer
  2338 | D:4      | Reached skill level 6 in Axes
  2338 | D:4      | Reached XP level 7. HP: 39/63 MP: 6/6
  2797 | D:5      | Entered Level 5 of the Dungeon
  2841 | D:5      | Noticed Duvessa
  2858 | D:5      | Noticed Dowan
  2859 | D:5      | Killed Duvessa
  2867 | D:5      | Killed Dowan
  2916 | D:5      | Reached skill level 7 in Axes
  2916 | D:5      | Reached skill level 5 in Armour
  3003 | D:5      | Found a runed translucent door.
  3004 | D:5      | Noticed Crazy Yiuf
  3013 | D:5      | Killed Crazy Yiuf
  3054 | D:5      | Found Wiruic's Weapon Emporium.
  3092 | D:5      | Found Suunigon's Jewellery Shop.
  3130 | D:5      | Reached XP level 8. HP: 40/73 MP: 7/7
  3329 | D:5      | Reached skill level 8 in Axes
  3413 | D:5      | Reached * piety under Makhleb
  4004 | D:6      | Found an iron altar of Okawaru.
  4024 | D:6      | Reached skill level 5 in Fighting
  4294 | D:6      | Reached skill level 9 in Axes
  4638 | D:7      | Gained mutation: You passively map the area around you.
                  | [Deep Dwarf growth]
  4638 | D:7      | Reached XP level 9. HP: 34/81 MP: 8/8
  4728 | D:7      | Found a deep blue altar of Sif Muna.
  4736 | D:7      | Noticed Pikel
  4739 | D:7      | Found a white marble altar of Elyvilon.
  4739 | D:7      | Found a hide-covered altar of Uskayaw.
  4755 | D:7      | Killed Pikel
  4755 | D:7      | Reached skill level 10 in Axes
  4758 | D:7      | Found a shimmering altar of Xom.
  4758 | D:7      | Found an iron altar of Okawaru.
  4759 | D:7      | Found a radiant altar of Vehumet.
  4912 | D:7      | Found Iful's General Store.
  4915 | D:7      | Bought a scroll of teleportation for 45 gold pieces
  4915 | D:7      | Bought a potion of heal wounds for 75 gold pieces
  4915 | D:7      | Bought a scroll of teleportation for 45 gold pieces
  4915 | D:7      | Bought a scroll of remove curse for 45 gold pieces
  5348 | D:7      | Reached skill level 1 in Evocations
  5352 | D:7      | Reached skill level 11 in Axes
  5353 | D:7      | Reached ** piety under Makhleb
  5543 | D:7      | Noticed Harold
  5563 | D:7      | Killed Harold
  5563 | D:7      | Reached XP level 10. HP: 24/88 MP: 10/12
  5923 | D:8      | Found a runed translucent gate.
  5923 | D:8      | Found a runed translucent gate.
  5957 | D:8      | Reached skill level 12 in Axes
  5985 | D:8      | Found a sand-covered staircase.
  5992 | Ossuary  | Entered an ossuary
  6172 | Ossuary  | Reached skill level 5 in Evocations
  6297 | D:8      | Reached *** piety under Makhleb
  6449 | D:8      | Noticed Enish's ghost (amateur FoCK)
  6450 | D:8      | Found a runed translucent gate.
  6685 | D:9      | Noticed Joseph
  6712 | D:9      | Killed Joseph
  6763 | D:9      | Noticed a guardian serpent
  6768 | D:9      | Killed from afar by a guardian serpent

Levels and vault maps discovered:
D:1:      minmay_arrival_four_houses, layout_loops_ring, minmay_heptomino_l4
D:2:      layout_loops_corners, chequers_ecumenical_altar_simple_redux,
          uniq_jessica
D:3:      layout_rooms, uniq_robin, uniq_terence, uniq_natasha
D:4:      layout_loops_ring, minmay_temple_entry_offerings, serial_shops, shop
D:5:      layout_loops_corners, first_ration, serial_shops, shop,
          shop_fountains, kennysheep_small_square, uniq_duvessa,
          uniq_crazy_yiuf_cottage
D:6:      layout_gridville, basic_altar
D:7:      layout_layer_cave, grunt_temple_overflow_open, serial_shops,
          nicolae_shop_crystal, grunt_livestock, minmay_misc_feat_doors,
          uniq_pikel, uniq_harold
D:8:      layout_rooms, gammafunk_ghost_nasty_kobolds,
          chequers_ossuary_entry_cave, hex_medium
D:9:      layout_irregular_city, lemuel_coloured_pillars_altar,
          nrook_guardian_serpent_ordinary, uniq_joseph
Temple:   regret_index_temple_generic_petals

Skill      XL: |  1  2  3  4  5  6  7  8  9 10 |
---------------+-------------------------------+-----
Maces & Flails | 3 |  3.4
Axes           | 2 4 5 6 7 9 11 12 | 12.6
Fighting       | 3 4 5 |  5.0
Armour         | 4 5 6 8 9 |  9.3
Evocations     | 4 5 |  5.8
Shields        | |  3.2

Action                   |  1- 3 |  4- 6 |  7- 9 | 10-12 || total
-------------------------+-------+-------+-------+-------++-------
Melee: Flail             |    65 |       |       |       ||    65
       Hand axe          |    49 |   180 |   125 |       ||   354
       War axe           |       |       |   125 |   147 ||   272
Throw: Throwing net      |       |       |     5 |       ||     5
 Abil: Heal Wounds       |       |     1 |     3 |     1 ||     5
  Use: Scroll            |       |     1 |     8 |       ||     9
       Potion            |       |       |     4 |       ||     4
 Stab: Held in net/web   |       |       |     1 |       ||     1
  Eat: Chunk             |       |     5 |    10 |     4 ||    19
Armor: Scale mail        |    43 |    36 |       |       ||    79
       Chain mail        |       |    31 |    75 |       ||   106
       Plate armour      |       |       |    32 |    64 ||    96
Dodge: Dodged            |    46 |    32 |    31 |    15 ||   124
Block: Shield            |    63 |    74 |    84 |    54 ||   275

Table legend:
 A = Non-vault XP
 B = Vault XP
 C = Vault XP percentage of total XP
 D = Non-vault monster count
 E = Vault monster count
 F = Vault count percentage of total count
                 A         B        C        D         E       F
            +---------+---------+-------+---------+---------+-------
      Total |    4447 |    4142 |  48.2 |     171 |      45 |  20.8
            +---------+---------+-------+---------+---------+-------
        D:1 |      37 |       8 |  17.8 |      23 |       3 |  11.5
        D:2 |     165 |      37 |  18.3 |      28 |       1 |   3.4
        D:3 |     168 |     107 |  38.9 |      17 |      13 |  43.3
        D:4 |     308 |       0 |   0.0 |      14 |       0 |   0.0
        D:5 |     765 |     373 |  32.8 |      23 |       7 |  23.3
        D:6 |     530 |       0 |   0.0 |      20 |       0 |   0.0
        D:7 |     892 |    2647 |  74.8 |      16 |       7 |  30.4
        D:8 |    1156 |       0 |   0.0 |      27 |       0 |   0.0
        D:9 |     426 |     423 |  49.8 |       3 |       1 |  25.0
    Ossuary |       0 |     547 | 100.0 |       0 |      13 | 100.0
            +---------+---------+-------+---------+---------+-------
